 Dungeon Sprint DCSS version 0.18-a0-1041-gbe91bf5 (webtiles) character file.

0 M4edhros the Apprentice (level 1, -1/13 HPs)
             Began as an Octopode Artificer on Jan 11, 2016.
             Was an Initiate of Pakellas.
             Slain by a fire bat (4 damage)
             ... in the Dungeon (Sprint VI: "Thunderdome").
             The game lasted 00:01:14 (90 turns).

M4edhros the Apprentice (Octopode Artificer)          Turns: 90, Time: 00:01:14

Health: -1/13      AC:  1    Str: 17    XL:     1   Next: 30%
Magic:  3/3        EV: 13    Int: 14    God:    Pakellas [......]
Gold:   20         SH:  0    Dex: 22    Spells: 0 memorised, 0 levels left

rFire  + . .     SeeInvis .     a - +0 short sword
rCold  + + +     Gourm    .     (no shield)
rNeg   . . .     Faith    .     (helmet restricted)
rPois  +         Spirit   .     (no amulet)
rElec  .         Dismiss  .     s - ring of Difuer {SustAt rPois MR+}
rCorr  .         Reflect  .     r - ring of Vigug {Str+4 Dex+3}
SustAt +         Harm     .     p - ring of Uriorph {rC++ Str+3}
MR     +....     NoTele   +     q - ring "Urrezu" {rF+ rC+ Dex+7 Slay+1}
Stlth  +++.......               (no ring)
                                (no ring)
                                (no ring)
                                (no ring)

@: somewhat resistant to hostile enchantments, fairly stealthy
A: almost no armour, amphibious, 8 rings, constrict 8, camouflage 1, gelatinous
body 1
a: Renounce Religion


You were in the Dungeon.
You worshipped Pakellas.
Pakellas was noncommittal.
You were not hungry.

You visited 1 branch You collected 200 gold pieces.
You spent 180 gold pieces at shops.

Inventory:

Hand Weapons
 a - a +0 short sword (weapon)
Jewellery
 p - the ring of Uriorph (on tentacle) {rC++ Str+3}
   (You bought it in a shop in the Dungeon)

   [ring of strength]

   It affects your strength (+3).
   It greatly protects you from cold.
 q - the ring "Urrezu" (on tentacle) {rF+ rC+ Dex+7 Slay+1}
   (You bought it in a shop in the Dungeon)

   [ring of slaying]

   It affects your dexterity (+7).
   It affects your accuracy and damage with ranged weapons and melee attacks
   (+1).
   It protects you from fire.
   It protects you from cold.
 r - the ring of Vigug (right tentacle) {Str+4 Dex+3}
   (You bought it in a shop in the Dungeon)

   [ring of dexterity]

   It affects your strength (+4).
   It affects your dexterity (+3).
 s - the ring of Difuer (left tentacle) {SustAt rPois MR+}
   (You bought it in a shop in the Dungeon)

   [ring of sustain attributes]

   It sustains your strength, intelligence and dexterity.
   It protects you from poison.
   It affects your resistance to hostile enchantments.
Wands
 b - a wand of flame (15/48)
 c - a wand of enslavement (13/24)
 d - a wand of random effects (11/48)
 m - a wand of cold (5/15)
 n - a wand of fire (5/15)
Scrolls
 k - 4 scrolls of blinking
 o - 3 scrolls of fog
Potions
 e - a potion of curing
 g - 4 potions of heal wounds
 h - 4 potions of haste
 i - 2 potions of magic
 j - a potion of berserk rage
 l - a potion of resistance
Comestibles
 f - a bread ration


   Skills:
 + Level 1.0 Fighting
 + Level 1.0 Short Blades
 + Level 2.2 Dodging
 + Level 1.3 Stealth
 + Level 4.1 Evocations


You couldn't memorise any spells.
You didn't know any spells.

Dungeon Overview and Level Annotations

Branches:
Dungeon (1/1)

Altars:
Cheibriados
Dithmenos
Fedhas
Gozag
Kikubaaqudgha
Makhleb
Okawaru
Pakellas
Qazlal
Ru
Vehumet
Xom
Zin
The Shining One
Jiyva
Lugonu

Shops:
D *[%??*?*:[((


Innate Abilities, Weirdness & Mutations

You cannot wear most types of armour.
You are amphibious.
You can wear up to eight rings at the same time.
You can use your tentacles to constrict eight enemies at once.
Your skin changes colour to match your surroundings (Stealth).
Your rubbery body absorbs attacks (AC +1).


Message History

The orc warrior is no longer charmed.
The orc warrior shouts!
The orc warrior evaporates and reforms as a fire bat!
This wand has 13 charges left.
Evoke which item? (* to show all) (? for menu, Esc to quit)
Zapping:
d - a wand of random effects (13/48)
Press: ? - help, Shift-Dir - straight line, f/p - fire bat
Aim: a fire bat The puff of frost hits the fire bat.
The fire bat is frozen!
The fire bat is heavily wounded.
This wand has 12 charges left.
Evoke which item? (* to show all) (? for menu, Esc to quit)
Zapping:
d - a wand of random effects (12/48)
Press: ? - help, Shift-Dir - straight line, f/p - fire bat
Aim: a fire bat (heavily wounded)
The puff of flame misses the fire bat.
This wand has 11 charges left.
The fire bat bites you.
* * * LOW HITPOINT WARNING * * *
You are engulfed in flames.
You resist.
You die...

##### ##⌠⌠⌠## #.....#
##.....## ##∩.....∩##
#∩...@...∩#
#...b...._#
#........_#
#_......._#
###.........###
#⌠...........⌠#
######.8.........8.#
##∩.__..)...###......
###∩........8.# .8...


You could see a fire bat.

Vanquished Creatures
  An orc (D)
1 creature vanquished.

Notes
Turn   | Place    | Note
--------------------------------------------------------------
     0 | D        | M4edhros the Octopode Artificer began the quest for the Orb.
     0 | D        | Reached XP level 1. HP: 13/13 MP: 3/3
     3 | D        | Found a corrupted altar of Lugonu.
     3 | D        | Found a glowing silver altar of Zin.
     4 | D        | Found a viscous altar of Jiyva.
     5 | D        | Found a shimmering altar of Xom.
     5 | D        | Round 1.
     6 | D        | Found Nus Ogru's Identification Station.
     6 | D        | Found a radiant altar of Vehumet.
     6 | D        | Found a shadowy altar of Dithmenos.
     6 | D        | Found Noshrusm's Bee Food.
     7 | D        | Found Peuvve's Advanced Armour.
     7 | D        | Found Ystraothy's Jewellery.
     9 | D        | Found a blossoming altar of Fedhas.
    18 | D        | Became a worshipper of Xom of Chaos
    22 | D        | Found an ancient bone altar of Kikubaaqudgha.
    24 | D        | Found Wavakuhu's Premium Goods.
    25 | D        | Found an oddly glowing altar of Pakellas.
    25 | D        | Found a sacrificial altar of Ru.
    25 | D        | Found a snail-covered altar of Cheibriados.
    25 | D        | Found Ipropan's Weapon Rack.
    25 | D        | Found Itofefom's Miscellaneous Merchandise.
    25 | D        | Found Houji's Basic Armour.
    29 | D        | Found a glowing golden altar of the Shining One.
    33 | D        | Fell from the grace of Xom
    33 | D        | Became a worshipper of Pakellas the Inventive
    36 | D        | Reached skill level 4 in Evocations
    38 | D        | Found an opulent altar of Gozag.
    43 | D        | Noticed an orc warrior
    56 | D        | Bought a fine ivory ring for 45 gold pieces
    56 | D        | Bought a glittering silver ring for 45 gold pieces
    56 | D        | Bought a translucent silver ring for 45 gold pieces
    56 | D        | Bought a steaming brass ring for 45 gold pieces
    56 | D        | Identified the ring of Difuer {SustAt rPois MR+} (You bought it in a shop in the Dungeon)
    57 | D        | Identified the ring of Vigug {Str+4 Dex+3} (You bought it in a shop in the Dungeon)
    58 | D        | Identified the ring of Uriorph {rC++ Str+3} (You bought it in a shop in the Dungeon)
    59 | D        | Identified the ring "Urrezu" {rF+ rC+ Dex+7 Slay+1} (You bought it in a shop in the Dungeon)
    68 | D        | Found Ocliq's Magic Scroll Shop.
    68 | D        | Found Qyirizoq's Magic Scroll Shop.
    83 | D        | Found Jokkup's Must-Have Magic.
    84 | D        | Found a burning altar of Makhleb.
    84 | D        | Found an iron altar of Okawaru.
    84 | D        | Found a stormy altar of Qazlal.
    84 | D        | Found Fiugoo's Staff Store.
    88 | D        | Noticed a fire bat
    88 | D        | an orc warrior changed into a fire bat
    90 | D        | Slain by a fire bat

Vault maps used:
D:        arena_sprint

Action                   || total
-------------------------++-------
Melee: Short sword       ||     3
Evoke: Wand              ||     6
